 Dungeon Crawl Stone Soup version 0.18-a0-844-g9229740 (webtiles) character file.

150 JokEr the Slasher (level 5, -1/43 HPs)
             Began as a Merfolk Gladiator on Dec 18, 2015.
             Slain by an orc
             ... wielding a +0 war axe
              (7 damage)
             ... on level 3 of the Dungeon.
             The game lasted 00:03:37 (2275 turns).

JokEr the Slasher (Merfolk Gladiator)               Turns: 2275, Time: 00:03:37

Health: -1/43      AC:  8    Str: 17    XL:     5   Next: 32%
Magic:  5/5        EV: 12    Int:  7    God:
Gold:   152        SH:  0    Dex: 14    Spells: 0 memorised, 4 levels left

rFire  . . .     SeeInvis +     a - +0 long sword
rCold  . . .     Gourm    .     m - +0 ring mail
rNeg   . . .     Faith    .     (no shield)
rPois  .         Spirit   .     c - +0 helmet
rElec  .         Dismiss  .     (no cloak)
rCorr  .         Reflect  .     (no gloves)
SustAt .         Harm     .     (no boots)
MR     .....     Rnd*Rage +     (no amulet)
Stlth  +.........               (no ring)
                                l - ring of see invisible

@: not resistant to hostile enchantments, very unstealthy
A: change form in water, swift swim, slimy green scales 1, berserk 1, sense
surroundings 1
a: no special abilities


You were on level 3 of the Dungeon.
You were very hungry.

You visited 1 branch of the dungeon, and saw 3 of its levels.

You collected 152 gold pieces.

Inventory:

Hand Weapons
 a - a +0 long sword (weapon)
Missiles
 d - 3 throwing nets (quivered)
Armour
 c - a +0 helmet (worn)
 m - a +0 ring mail (worn)
Jewellery
 l - a ring of see invisible (left hand)
Wands
 b - a wand of confusion (48)
 i - a wand of polymorph (6)
Scrolls
 j - 2 scrolls of identify
Potions
 e - a potion of cancellation
Comestibles
 f - 3 bread rations
 k - a slice of pizza


   Skills:
 + Level 4.4 Fighting
 + Level 5.0 Long Blades
 - Level 2.0 Throwing
 - Level 4.0 Dodging


You had 4 spell levels left.
You didn't know any spells.

Dungeon Overview and Level Annotations

Branches:
Dungeon (3/15)

Altars:


Innate Abilities, Weirdness & Mutations

You revert to your normal form in water.
You are very nimble and swift while swimming.
You are partially covered in slimy green scales (AC +2).
You tend to lose your temper in combat.
You passively map a small area around you.


Message History

The adder is heavily wounded.
The adder bites you.
* * * LOW HITPOINT WARNING * * *
You slash the adder!
You kill the adder!
Your ring mail prevents you from hitting the orc.
The orc hits you but does no damage.
You barely miss the orc.
An orc comes into view. It is wielding a club.
You closely miss the orc. The orc closely misses you.
The orc barely misses you.
You hit the orc.
The orc is moderately wounded.
The orc hits you with a hand axe!
* * * LOW HITPOINT WARNING * * *
The orc closely misses you.
You hit the orc.
The orc is severely wounded.
The orc closely misses you. The orc hits you with a war axe!
You die...

#.#.#..## ***
, ..#.#...# ,
, ..#.#...###
* ** *
,.#(......#
,,
..........#*,
,
...........#
_
##.###.....#
8 , #.*
#...#.# * * #
* #####@#
#oooo..# *
####..... * *
#.## * * # ,
, * * * * * *
* * *


You could see an orc wizard and 3 orcs.

Vanquished Creatures
  An orc priest (D:3)
  Ijyb (D:2)
  An adder (D:3)
  4 gnolls (D:3)
  2 oozes (D:2)
  A worm (D:2)
  3 giant geckos
  7 bats
  4 giant cockroaches
  4 goblins
  5 hobgoblins
  2 giant newts
  2 kobolds
  2 rats
39 creatures vanquished.

Notes
Turn   | Place    | Note
--------------------------------------------------------------
     0 | D:1      | JokEr the Merfolk Gladiator began the quest for the Orb.
     0 | D:1      | Reached XP level 1. HP: 16/16 MP: 1/1
   258 | D:1      | Reached XP level 2. HP: 17/23 MP: 2/2
   664 | D:2      | Noticed Ijyb
   680 | D:2      | Killed Ijyb
   680 | D:2      | Reached XP level 3. HP: 29/29 MP: 3/3
  1205 | D:2      | Reached XP level 4. HP: 35/37 MP: 4/4
  1923 | D:3      | Gained mutation: You are partially covered in slimy green scales (AC +2). [potion of mutation]
  1923 | D:3      | Gained mutation: You passively map a small area around you. [potion of mutation]
  1923 | D:3      | Gained mutation: You tend to lose your temper in combat. [potion of mutation]
  2268 | D:3      | Reached skill level 5 in Long Blades
  2268 | D:3      | Reached XP level 5. HP: 15/43 MP: 5/5
  2275 | D:3      | Slain by an orc

Vault maps used:
D:1:      minmay_arrival_four_houses
D:2:      nicolae_overflow_hidden_temple, first_bread, uniq_iyjb
D:3:      kennysheep_orc_chapel

Action                   |  1- 3 |  4- 6 || total
-------------------------+-------+-------++-------
Melee: Long sword        |    82 |    60 ||   142
  Use: Scroll            |     4 |     3 ||     7
       Potion            |       |     2 ||     2
  Eat: Chunk             |     1 |     2 ||     3
